 Dungeon Sprint DCSS version 0.28.0-43-g3370ac3207 (webtiles) character file.

Game seed: 12628766598341786379

882 boopmooplesden the Carver (level 7, -3/79 HPs)
             Began as a Minotaur Berserker on Mar 1, 2022.
             Was an Elder of Trog.
             Succumbed to a water moccasin's poison
             ... in the Dungeon (Sprint II: "The Violet Keep of Menkaure").
             The game lasted 00:01:03 (418 turns).

boopmooplesden the Carver (Minotaur Berserker)       Turns: 418, Time: 00:01:03

Health: -3/79      AC:  2    Str: 24    XL:     7   Next: 76%
Magic:  6/6        EV: 13    Int:  4    God:    Trog [****..]
Gold:   486        SH:  0    Dex:  9    Spells: 6/6 levels left

rFire   . . .      SeeInvis .   a - +0 falchion
rCold   . . .      Faith    .   (no shield)
rNeg    . . .      Spirit   .   b - +0 animal skin
rPois   .          Reflect  .   (helmet restricted)
rElec   .          Harm     .   (no cloak)
rCorr   .          Rampage  .   (no gloves)
Will    .....      NoTele   +   (no boots)
Stlth   +.........              (no amulet)
HPRegen 0.23/turn               (no ring)
MPRegen 0.10/turn               (no ring)

@: lethally poisoned (-3 -> -21), on berserk cooldown, slowed, very slow
A: horns 2, retaliatory headbutt, inability to read while threatened
a: Renounce Religion, Berserk, Trog's Hand, Brothers in Arms


You were in the Dungeon.
You worshipped Trog.
Trog was greatly pleased with you.
You visited 1 branch You collected 486 gold pieces.

Inventory:

Hand Weapons
 a - a +0 falchion (weapon)
Armour
 b - a +0 animal skin (worn)
Scrolls
 h - a scroll of blinking
Potions
 c - a potion of curing
 d - a potion of heal wounds
 e - a potion of haste
 f - 2 potions of magic
 g - a potion of berserk rage


   Skills:
 + Level 13.1 Fighting
 + Level 13.7 Long Blades
 + Level 6.4 Armour
 + Level 6.2 Dodging


You had 6 spell levels left.
You didn't know any spells.
Your spell library was empty.

Dungeon Overview and Level Annotations

Branches:
Dungeon (1/1)

Altars:

Shops:
D =!!=:[((?=?[

Annotations:
D exclusion: oklob plant


Innate Abilities, Weirdness & Mutations

You have a pair of horns on your head.
You reflexively headbutt those who attack you in melee.
You sometimes lose the ability to read scrolls when taking damage.


Message History

Your unstable footing causes you to fumble your attack.
The water moccasin closely misses you.
Your unstable footing causes you to fumble your attack.
You slash Menkaure!
Menkaure is almost destroyed.
The water moccasin barely misses you.
Menkaure splashes around in the water.
You are no longer berserk.
You are exhausted.
You feel yourself slow down.
There is an open door here.
You slash Menkaure!
You destroy Menkaure!
Trog accepts your kill.
Trog appreciates your killing of a magic user.
The water moccasin bites you but does no damage.
Your Fighting skill increases to level 13!
You enter the shallow water.
Moving in this stuff is going to be slow.
The water moccasin misses you. The water moccasin bites you.
* * * LOW HITPOINT WARNING * * *
You are lethally poisoned!
The water moccasin poisons you! The water moccasin misses you.
The water moccasin completely misses you.
Found 81 gold pieces.
Found Ivvokkuk's Jewellery Shoppe.
You can read scrolls again.
* * * LOW HITPOINT WARNING * * *
You feel very sick.
The ice dragon roars deafeningly!
The water moccasin bites you.
* * * LOW HITPOINT WARNING * * *
You are more poisoned.
The water moccasin poisons you! The water moccasin bites you.
* * * LOW HITPOINT WARNING * * *
Marking area around an oklob plant as unsafe for travelling.
There is an open door here.
Unknown command.
The great orb of eyes turns its gaze towards you.
You hit the water moccasin.
The water moccasin is moderately wounded.
You die...

########≈≈#°'○ ''
########≈≈≈..... ..
.......#≈≈≈≈.##'# z.
...⌠...#≈≈≈≈ #.$.##.####
..∩.∩..#z≈≈ ##.# ...#
.∩.∩.∩.#zz## ##z####..#
..∩.∩.∩#z##.# #+###.##..
.∩...∩.#S###.##.###..#..
∩.....∩@≈'.##'.<.'.##+..
.......#≈#...##.###..#..
▓▓▓▓▓###≈##.###+# #.##..
.D######≈≈###


B#B ###≈≈. G( ##≈≈ .. .. ≈§≈ P '#≈##. .## ≈≈≈ (#≈≈## ## §≈≈≈ ## ≈≈ ≈≈ You could
see an ice dragon, a great orb of eyes, an oklob plant, a water moccasin and 4
flying skulls.

Vanquished Creatures
  3 neqoxecs (D)
  A vampire mosquito (D)
  Menkaure (D)
  4 scorpions (D)
  3 worms (D)
12 creatures vanquished.

Notes
Turn   | Place    | Note
-------+----------+-------------------------------------------
     0 | D        | boopmooplesden the Minotaur Berserker began the quest for
                  | the Orb.
     0 | D        | Reached XP level 1. HP: 19/19 MP: 0/0
     1 | D        | Noticed a scorpion
     1 | D        | Noticed a scorpion
     8 | D        | Killed a scorpion
     9 | D        | Reached XP level 2. HP: 31/31 MP: 1/1
     9 | D        | Reached XP level 3. HP: 38/38 MP: 2/2
    10 | D        | Killed a scorpion
    11 | D        | Reached XP level 4. HP: 48/48 MP: 3/3
    12 | D        | Noticed a scorpion
    12 | D        | Noticed a scorpion
    16 | D        | Killed a scorpion
    16 | D        | Reached ** piety under Trog
    17 | D        | Reached XP level 5. HP: 20/57 MP: 4/4
    20 | D        | Reached skill level 5 in Armour
   240 | D        | Noticed a boulder beetle
   240 | D        | Noticed a boulder beetle
   244 | D        | Noticed a neqoxec
   244 | D        | Noticed a neqoxec
   250 | D        | Killed a neqoxec
   251 | D        | Reached skill level 5 in Dodging
   251 | D        | Reached XP level 6. HP: 62/68 MP: 5/5
   260 | D        | Killed a neqoxec
   262 | D        | Noticed a flying skull
   262 | D        | Noticed a flying skull
   262 | D        | Noticed a neqoxec
   348 | D        | Gained mutation: You sometimes lose the ability to read
                  | scrolls when taking damage. [a neqoxec]
   351 | D        | Killed a neqoxec
   351 | D        | Reached *** piety under Trog
   352 | D        | Reached XP level 7. HP: 64/77 MP: 6/6
   358 | D        | Noticed a flying skull
   388 | D        | Found Gatwuaq's Antique Armour Emporium.
   388 | D        | Found Waumy's Jewellery Shoppe.
   388 | D        | Found Heyremec's Magic Scroll Shoppe.
   388 | D        | Found Xizoced's Antique Weapon Emporium.
   388 | D        | Found Ezifalo's Magic Scroll Emporium.
   388 | D        | Found Qiddy's Antique Armour Shoppe.
   388 | D        | Found Muinudotz's Weapon Shoppe.
   389 | D        | Found Fuqav's Book Shoppe.
   389 | D        | Found Deteyrgh's Jewellery Emporium.
   389 | D        | Noticed Menkaure
   390 | D        | Found Pinets's Distillery.
   390 | D        | Found Vigra's Distillery.
   390 | D        | Noticed a vampire mosquito
   406 | D        | Killed a vampire mosquito
   406 | D        | Reached **** piety under Trog
   408 | D        | Noticed a flying skull
   408 | D        | Noticed a flying skull
   408 | D        | Noticed a flying skull
   415 | D        | Killed Menkaure
   417 | D        | Found Ivvokkuk's Jewellery Shoppe.
   417 | D        | Noticed an ice dragon
   417 | D        | Noticed an oklob plant
   417 | D        | HP: 1/79 [water moccasin (3)]
   417 | D        | Noticed a great orb of eyes
   418 | D        | Succumbed to a water moccasin's poison

Illustrated notes

Levels and vault maps discovered:
D:        the_violet_keep_of_menkaure [sprint2_stairs_cluster_1,
          sprint2_shoproom, sprint2_temple, sprint2_basic_supplies,
          sprint2_obstacle_3, sprint2_obstacle_7, sprint2_obstacle_1,
          sprint2_obstacle_6, sprint2_obstacle_4, sprint2_timed_cluster_1,
          sprint2_smallroom_cluster_1, sprint2_smallroom_final_cluster_1,
          sprint2_transparent_cluster_1, sprint2_second_timed_cluster_1,
          sprint2_sniper_area_1, sprint2_heavy_combat_area_1,
          sprint2_mutation_trap_area_1, sprint2_forest_area_1,
          sprint2_light_combat_area_1, sprint2_behind_water_1,
          sprint2_near_end_vault_1]

Skill      XL: |  1  2  3  4  5  6  7 |
---------------+----------------------+-----
Fighting       | 6 8 9 11 12 13 | 13.1
Long Blades    | 6 8 9 11 12 13 | 13.7
Armour         | 3 4 5 6 |  6.4
Dodging        | 3 4 5 6 |  6.2

Action                   |  1- 3 |  4- 6 |  7- 9 || total
-------------------------+-------+-------+-------++-------
Melee: Falchion          |     7 |    23 |    31 ||    61
       Headbutt          |       |     8 |     6 ||    14
Invok: Berserk           |     1 |       |     1 ||     2
Armor: Animal skin       |       |     1 |     2 ||     3
Dodge: Dodged            |     4 |    10 |    16 ||    30
